 Dungeon Crawl Stone Soup version 0.19-a0-1170-g18f0c96 (webtiles) character file.

62 Gagarin the Ducker (level 4, -5/34 HPs)
             Began as a Merfolk Gladiator on Aug 17, 2016.
             Killed from afar by Xiguana's ghost (10 damage)
             ... with a magic dart
             ... on level 3 of the Dungeon.
             The game lasted 00:03:02 (1193 turns).

Gagarin the Ducker (Merfolk Gladiator)              Turns: 1193, Time: 00:03:02

Health: -5/34      AC:  7    Str: 15    XL:     4   Next: 8%
Magic:  4/4        EV: 14    Int:  8    God:
Gold:   119        SH:  0    Dex: 14    Spells: 0 memorised, 3 levels left

rFire  . . .     SeeInvis .     a - +0 trident
rCold  . . .     Gourm    .     q - +0 leather armour (curse)
rNeg   . . .     Faith    .     (no shield)
rPois  .         Spirit   .     c - +0 helmet
rElec  .         Dismiss  .     (no cloak)
rCorr  .         Reflect  .     j - +2 pair of gloves
MR     .....     Harm     .     (no boots)
Stlth  ++........               (no amulet)
                                (no ring)
                                (no ring)

@: lethally poisoned (-5 -> -13)
A: change form in water, swift swim
a: no special abilities


You were on level 3 of the Dungeon.
You were not hungry.

You visited 1 branch of the dungeon, and saw 3 of its levels.

You collected 119 gold pieces.

Inventory:

Hand Weapons
 a - a +0 trident (weapon)
Missiles
 d - 3 throwing nets (quivered)
 r - 4 javelins
Armour
 b - a +0 leather armour
 c - a +0 helmet (worn)
 j - a +2 pair of gloves (worn)
 q - a cursed +0 leather armour (worn)
Jewellery
 g - an uncursed amulet of faith {unknown}
Scrolls
 e - 5 scrolls of identify {unknown}
 i - a scroll of teleportation {unknown}
 n - a scroll of enchant armour {unknown}
 o - a scroll of blinking {unknown}
 s - a scroll of remove curse {unknown}
Comestibles
 f - 3 bread rations
 h - 6 chunks of flesh
 k - a slice of pizza
 m - 4 fruits
 p - a royal jelly


   Skills:
 + Level 2.9 Fighting
 + Level 4.9 Polearms
 - Level 2.0 Throwing
 + Level 0.2 Armour
 + Level 5.0 Dodging
 + Level 1.3 Stealth


You had 3 spell levels left.
You didn't know any spells.

Dungeon Overview and Level Annotations

Branches:
Dungeon (3/15)

Altars:

Annotations:
D:2 Sigmund
D:3 Xiguana's ghost, amateur TeCj


Message History

You barely miss Xiguana's ghost.
Xiguana's ghost is moderately damaged.
You feel sick. Xiguana's ghost casts a spell at you. The magic dart hits you!
* * * LOW HITPOINT WARNING * * *
You feel better. Xiguana's ghost hits you.
* * * LOW HITPOINT WARNING * * *
You are lethally poisoned!
* * * LOW HITPOINT WARNING * * *
You feel sick.
* * * LOW HITPOINT WARNING * * *
You feel sick.
* * * LOW HITPOINT WARNING * * *
You feel sick.
* * * LOW HITPOINT WARNING * * *
You feel sick.
Xiguana's ghost gestures at you while chanting.
The magic dart hits you!
You die...

#......# #......#
#......# #######
....... #.
...####....#
.##.###.#.......# ..
........).......+
#..###.##.#.W.@...#
#.........#######.....
#..###.#### #.# .# #.#
.W #.# #. #.# #[ #.#
#.#. #W# #.#.##.#


You could see Xiguana's ghost.

Vanquished Creatures
  An adder (D:3)
  A worm (D:2)
  2 dart slugs
  3 giant geckos
  An orc (D:3)
  3 bats
  6 goblins
  7 hobgoblins
  6 jackals (D:1)
  A quokka (D:3)
  A giant newt (D:2)
  3 kobolds
  2 rats (D:1)
37 creatures vanquished.

Notes
Turn   | Place    | Note
-------+----------+-------------------------------------------
     0 | D:1      | Gagarin the Merfolk Gladiator began the quest for the Orb.
     0 | D:1      | Reached XP level 1. HP: 16/16 MP: 1/1
   179 | D:1      | Reached XP level 2. HP: 22/23 MP: 2/2
   428 | D:1      | Reached XP level 3. HP: 24/28 MP: 3/3
   723 | D:2      | Reached skill level 1 in Stealth
   935 | D:2      | Noticed Sigmund
  1164 | D:3      | Noticed Xiguana's ghost (amateur TeCj)
  1181 | D:3      | Reached skill level 5 in Dodging
  1181 | D:3      | Reached XP level 4. HP: 34/34 MP: 4/4
  1193 | D:3      | Killed from afar by Xiguana's ghost

Vault maps used:
D:1:      lemuel_arrival_room
D:2:      first_bread, serial_bayou, serial_bayou_lake_a, serial_bayou_pond_e,
          serial_bayou_pond_e, serial_bayou_crossing, uniq_sigmund
D:3:      nicolae_ru_great_annihilating_truth

Skill      XL: |  1  2  3 |
---------------+----------+-----
Stealth        | 1 |  1.3
Dodging        | 5 |  5.0
Fighting       | |  2.9
Polearms       | |  4.9
Throwing       | |  2.0
Armour         | |  0.2

Action                   |  1- 3 |  4- 6 || total
-------------------------+-------+-------++-------
Melee: Trident           |    97 |     6 ||   103
  Use: Potion            |     1 |     1 ||     2
 Stab: Sleeping          |     4 |       ||     4
       Distracted        |     1 |       ||     1
  Eat: Chunk             |     1 |       ||     1
Armor: Leather armour    |    27 |     1 ||    28
Dodge: Dodged            |    43 |     2 ||    45
